 Dungeon Crawl Stone Soup version 0.30-b1-2-g02819fbbbe (webtiles) character file.

Game seed: 1073093878479094590

25 Alarkh the Shooter (level 2, -1/21 HPs)
             Began as a Demonspawn Hexslinger on July 7, 2023.
             Slain by an adder (3 damage)
             ... on level 2 of the Dungeon.
             The game lasted 00:00:41 (599 turns).

Alarkh the Shooter (Demonspawn Hexslinger)           Turns: 599, Time: 00:00:42

Health: -1/21      AC:  3    Str: 10    XL:     2   Next: 86%
Magic:  3/3        EV: 12    Int: 14    God:
Gold:   70         SH:  0    Dex: 13    Spells: 2/3 levels left

rFire   . . .        a - +1 sling
rCold   . . .        (no shield)
rNeg    . . .        c - +0 robe
rPois   .            (no helmet)
rElec   .            d - +0 cloak
rCorr   .            (no gloves)
SInv    +            (no boots)
Will    .....        (no amulet)
Stlth   +            e - ring of see invisible
HPRegen 0.23/turn    (no ring)
MPRegen 0.08/turn

%: no passive effects
@: lethally poisoned (-1 -> -3), flying
A: claws 1
a: no special abilities


You were on level 2 of the Dungeon.
You visited 1 branch of the dungeon, and saw 2 of its levels.

You collected 70 gold pieces.

Inventory:

Hand Weapons
 a - a +1 sling (weapon)
Armour
 c - a +0 robe (worn)
 d - a +0 cloak (worn)
Jewellery
 e - a ring of see invisible (left claw)
Scrolls
 b - 2 scrolls of poison
 f - a scroll of summoning {unknown}
 g - 2 scrolls of immolation {unknown}
Potions
 h - a potion of flight


   Skills:
 - Level 1.0 Fighting
 + Level 3.1 Ranged Weapons
 - Level 1.7 Dodging
 - Level 1.0 Spellcasting
 - Level 3.0 Hexes


You had 2 spell levels left.
You knew the following spells:

 Your Spells              Type           Power      Damage    Failure   Level
a - Slow                  Hex            36%        N/A       8%          1

Your spell library contained the following spells:

 Spells                   Type           Power      Damage    Failure   Level
 Inner Flame              Hex/Fire       4%         N/A       38%         3
 Portal Projectile        Hex/Tloc       8%         N/A       38%         3
 Cause Fear               Hex            4%         N/A       58%         4


Dungeon Overview and Level Annotations

Branches:
Dungeon (2/15)

Altars:

Shops:
D:1 [


Innate Abilities, Weirdness & Mutations

You have sharp fingernails.


Message History

The sling bullet hits the ball python.
The ball python is heavily wounded.
The adder bites you. The adder misses you.
You are too injured to fight recklessly!
You are too injured to fight recklessly!
You are too injured to fight recklessly!
You shoot a sling bullet. The sling bullet hits the adder.
The adder is moderately wounded.
The adder bites you.
You shoot a sling bullet. The sling bullet hits the adder.
The adder is almost dead.
The adder bites you.
You are lethally poisoned!
The adder poisons you! The adder barely misses you.
You shoot a sling bullet.
The sling bullet barely misses the adder.
The sling bullet misses the adder.
The sling bullet hits the ball python!
You kill the ball python!
* * * LOW HITPOINT WARNING * * *
You feel very sick. The adder barely misses you. The adder closely misses you.
It was a potion of flight.
You feel very buoyant.
You fly up into the air.
* * * LOW HITPOINT WARNING * * *
You feel sick. The adder closely misses you.
You shoot a sling bullet. The sling bullet hits the adder.
You kill the adder!
* * * LOW HITPOINT WARNING * * *
You feel sick.
A goblin comes into view. It is wielding a +0 dagger.
The adder barely misses you.
Your Ranged Weapons skill increases to level 3!
You shoot a sling bullet. The goblin shouts!
The sling bullet hits the adder.
The adder is heavily wounded.
* * * LOW HITPOINT WARNING * * *
You feel sick. The adder bites you.
You die...

#. .# #.# #.#
..# #.. #.# #..
= #.# #.# ##..
# #.#.# ....
#.####.##..##..
#..@S..<.g.....
##########.####


You could see an adder and a goblin.

Vanquished Creatures
  An adder (D:2)
  3 ball pythons
  An endoplasm (D:1)
  A giant cockroach (D:1)
  3 goblins
  A kobold (D:1)
  3 bats (D:1)
  2 rats (D:1)
15 creatures vanquished.

Notes
Turn   | Place    | Note
-------+----------+-------------------------------------------
     0 | D:1      | Alarkh the Demonspawn Hexslinger began the quest for the
                  | Orb.
     0 | D:1      | Reached XP level 1. HP: 15/15 MP: 2/2
    35 | D:1      | Found a faded altar of an unknown god.
   114 | D:1      | Found Hosoor's Armour Boutique.
   245 | D:1      | Discovered your monstrous ancestry.
   245 | D:1      | Gained mutation: You have sharp fingernails. [demonic
                  | ancestry]
   245 | D:1      | Reached XP level 2. HP: 21/21 MP: 3/3
   599 | D:2      | Slain by an adder

Illustrated notes

Levels and vault maps discovered:
D:1:      erik_arrival_orb_chamber, layout_loops_cross, serial_shops, shop,
          ebering_ecumenical_altar_rust
D:2:      layout_loops_ring, minmay_misc_feat_nine_boxes

Skill      XL: |  1  2 |
---------------+-------+-----
Ranged Weapons | 2 3 |  3.1
Fighting       | |  1.0
Dodging        | |  1.7
Spellcasting   | |  1.0
Hexes          | |  3.0

Action                     || total
---------------------------++-------
   Fire: Sling             ||    47
    Use: Potion            ||     1
 Armour: Robe              ||     5
  Dodge: Dodged            ||    20
